 Dungeon Crawl Stone Soup version 0.31.0-9-g3a7656b989 (webtiles) character file.

Game seed: 3766137094981597119

4 Arcadio the Ruffian (level 1, 20/20 HPs)
             Began as a Troll Gladiator on Jan 24, 2024.
             Was a High Priest of Ignis.
             Quit the game on level 1 of the Dungeon.
             The game lasted 00:00:30 (46 turns).

Arcadio the Ruffian (Troll Gladiator)                 Turns: 46, Time: 00:00:31

Health: 20/20      AC:  4    Str: 21    XL:     1   Next: 50%
Magic:  0/0        EV: 10    Int:  4    God:    Ignis [*****.]
Gold:   19         SH:  0    Dex: 11    Spells: 0/0 levels left

rFire   + .          .
                       - Unarmed
rCold   . . .        (no shield)
rNeg    . . .        a - +0 robe
rPois   .            b - +0 hat
rElec   .            (no cloak)
rCorr   .            (gloves unavailable)
SInv    .            (boots unavailable)
Will    .....        (no amulet)
Stlth   +            (no ring)
HPRegen 1.03/turn    (no ring)
MPRegen 0.07/turn

%: no passive effects
@: no status effects
A: large, unfitting armour, claws 3, regeneration 1, shaggy fur 1, tough skin 1
a: Renounce Religion, Fiery Armour, Foxfire Swarm, Rising Flame


You were on level 1 of the Dungeon.
You worshipped Ignis.
Ignis was extremely pleased with you.
You visited 1 branch of the dungeon, and saw 1 of its levels.

You collected 19 gold pieces.

Inventory:

Missiles
 c - 3 throwing nets (quivered)
 d - a large rock
Armour
 a - a +0 robe (worn)
 b - a +0 hat (worn)
Scrolls
 f - 2 scrolls of identify {unknown}
Potions
 e - a potion of degeneration {unknown}


   Skills:
 + Level 1.7 Fighting
 - Level 1.7 Throwing
 + Level 2.5 Dodging
 + Level 3.1 Unarmed Combat


You couldn't memorise any spells.
You didn't know any spells.
Your spell library was empty.

Dungeon Overview and Level Annotations

Branches:
Dungeon (1/15)

Altars:
Ignis


Innate Abilities, Weirdness & Mutations

You are too large for most types of armour.
You have claws for hands.
Your natural rate of healing is unusually fast.
You are covered in fur. (AC +1)
You have tough skin. (AC +1)


Message History

Welcome, Arcadio the Troll Gladiator.
Everyone else who sought the Orb of Zot has failed.
Will you be different?
Press ? for a list of commands and other information.
e - a fizzy sapphire potion You now have 14 gold pieces.
f - a scroll labelled ZEUNYJE IMEMOS An endoplasm comes into view.
The endoplasm quivers.
Found a dagger.
Found a faded altar of an unknown god.
The endoplasm hits you but does no damage.
You claw the endoplasm!
You kill the endoplasm!
You now have 19 gold pieces (gained 5).
A ball python comes into view.
A ball python comes into view.
There is a faded altar of an unknown god here.
You see here a -1 dagger.
This altar belongs to (a) Makhleb, (b) Ignis or (c) Jiyva, but you can't tell which.
Press the corresponding letter to learn more about a god, or press enter to convert or escape to cancel.
Okay, then.
The ball python hisses angrily.
The ball python closely misses you.
You claw the ball python!
You kill the ball python!
The ball python bites you.
There is a faded altar of an unknown god here.
You see here a -1 dagger.
You completely miss the ball python. The ball python barely misses you.
You claw the ball python!
You kill the ball python!
f - 2 scrolls labelled ZEUNYJE IMEMOS (gained 1)
There is a faded altar of an unknown god here.
You see here a -1 dagger.
This altar belongs to (a) Makhleb, (b) Ignis or (c) Jiyva, but you can't tell which.
Press the corresponding letter to learn more about a god, or press enter to convert or escape to cancel.
Ignis accepts your prayer! Ignis welcomes you!
Are you sure you want to abandon this character and quit the game? (Confirm with "yes".)

#.#..........#
#.#..........#
#.#..........# #.
#.#..........#
#.###.#..........#
#.#..............#
#.#..............#
#.#.....###......# #
#.#......@.......#
#.#.#.....)##.#.####
#.#...........#.#
#...###.#######.#
#####.###.## .. .
##.......#... ..
#.#..........## ...
#.#..##.##....#
.....#...#....#


There were no monsters in sight!

Vanquished Creatures
  2 ball pythons (D:1)
  An endoplasm (D:1)
3 creatures vanquished.

Notes
Turn   | Place    | Note
-------+----------+-------------------------------------------
     0 | D:1      | Arcadio the Troll Gladiator began the quest for the Orb.
     0 | D:1      | Reached XP level 1. HP: 19/19 MP: 0/0
    19 | D:1      | Found a faded altar of an unknown god.
    45 | D:1      | Prayed at the altar of an unknown god.
    45 | D:1      | Became a worshipper of Ignis, the Dying Flame
    46 | D:1      | Quit the game

Illustrated notes

Levels and vault maps discovered:
D:1:      mainiacjoe_arrival_oval_in_oval, layout_basic,
          ebering_ecumenical_altar_rust, grunt_decor_arrowhead, st_stairs_13,
          chequers_serial_rivers_marsh

Action                     || total
---------------------------++-------
  Melee: Unarmed           ||     4
 Armour: Robe              ||     2
  Dodge: Dodged            ||     2
